 Dungeon Crawl Stone Soup version 0.24.0-123-gd5b16e6ec5 (webtiles) character file.

Game seed: 8408638056310654821, levelgen mode: deterministic

14021 1994 the Reanimator (level 11, -16/74 HPs)
             Began as a Demonspawn Necromancer on Jan 21, 2020.
             Was a Priest of Hepliaklqana.
             Killed from afar by a rime drake (31 damage)
             ... with a flash freeze
             ... on level 2 of the Lair of Beasts on Jan 22, 2020.
             The game lasted 01:20:26 (13468 turns).

1994 the Reanimator (Demonspawn Necromancer)       Turns: 13468, Time: 01:20:26

Health: -16/74     AC: 18    Str: 11    XL:     11   Next: 83%
Magic:  22/22      EV: 13    Int: 18    God:    Hepliaklqana [***...]
Gold:   446        SH:  0    Dex: 13    Spells: 11/25 levels left

rFire    + . .     SeeInvis +   a - +0 dagger (pain)
rCold    . . .     Gourm    .   (no shield)
rNeg     . . .     Faith    .   P - +3 ring mail {rPois}
rPois    +         Spirit   .   (helmet unavailable)
rElec    .         Reflect  .   K - +1 cloak
rCorr    .         Harm     .   (no gloves)
MR       .....                  (no boots)
Stlth    +.........             (no amulet)
HPRegen  0.22/turn              B - ring of protection from fire
MPRegen  0.18/turn              L - +2 ring of protection

@: sanguine armour
A: reduced essence, antennae 3, demonic guardian 1, foul stench 1, rot immunity,
sanguine armour 1
a: Recall Ancestor, Ancestor Identity, Transference, Renounce Religion


You were on level 2 of the Lair of Beasts.
You worshipped Hepliaklqana.
Hepliaklqana was most pleased with you.
You were not hungry.

You visited 3 branches of the dungeon, and saw 14 of its levels.

You collected 684 gold pieces.
You spent 238 gold pieces at shops.

Inventory:

Hand Weapons
 a - a +0 dagger of pain (weapon)
 b - a +0 rapier
 q - a +0 dagger of venom
 O - a +6 hunting sling of velocity
 Q - a +0 scimitar of flaming
Missiles
 f - 45 poisoned darts (quivered)
 k - 129 sling bullets
 n - 355 stones
Armour
 r - a +3 leather armour
 K - a +1 cloak (worn)
 P - a +3 ring mail of poison resistance (worn)
 W - a +0 troll leather armour
Jewellery
 B - a ring of protection from fire (left hand)
 F - an uncursed ring of fire
 L - a +2 ring of protection (right hand)
 U - an uncursed ring of wizardry
Wands
 g - a wand of enslavement (5)
 i - a wand of flame (16)
 C - a wand of random effects (14)
 H - a wand of paralysis (5)
 V - a wand of acid (25)
 X - a wand of polymorph (10)
Scrolls
 d - a scroll of enchant weapon {unknown}
 e - a scroll of fog {unknown}
 t - 8 scrolls of teleportation
 u - 2 scrolls of blinking
 v - a scroll of torment {unknown}
 x - 5 scrolls of remove curse
 y - a scroll of noise {unknown}
 D - 5 scrolls of fear
 I - a scroll of amnesia {unknown}
 M - 2 scrolls of summoning
 T - 6 scrolls of identify
 Y - a scroll of brand weapon {unknown}
 Z - a scroll of silence {unknown}
Potions
 j - 3 potions of mutation
 l - 3 potions of flight
 m - 5 potions of curing
 o - 3 potions of cancellation
 p - a potion of haste
 w - 2 potions of agility
 z - 2 potions of might
 A - 2 potions of heal wounds
 E - 4 potions of brilliance
 G - 2 potions of lignification {unknown}
 J - a potion of berserk rage {unknown}
 S - a potion of degeneration {unknown}
Comestibles
 c - 24 rations
 N - 11 chunks of flesh


   Skills:
 + Level 6.7 Fighting
 * Level 9.6 Short Blades
 - Level 1.2(6.1) Long Blades
 - Level 6.0 Dodging
 - Level 1.7 Stealth
 + Level 7.7 Spellcasting
 - Level 4.0 Charms
 + Level 10.6 Necromancy
 * Level 1.8 Translocations
 + Level 2.9 Invocations


You had 11 spell levels left.
You knew the following spells:

 Your Spells              Type           Power        Failure   Level  Hunger
a - Pain                  Necr           ####         1%          1    None
b - Animate Skeleton      Necr           N/A          1%          1    None
c - Vampiric Draining     Necr           #####.....   1%          3    #......
d - Regeneration          Chrm/Necr      ####......   3%          3    #......
e - Animate Dead          Necr           N/A          3%          4    ###....
f - Blink                 Tloc           N/A          17%         2    None

Your spell library contained the following spells:

 Spells                   Type           Power        Failure   Level  Hunger
 Flame Tongue             Conj/Fire      #....        24%         1    None
 Magic Dart               Conj           #...         24%         1    None
 Call Imp                 Summ           #.......     36%         2    None
 Slow                     Hex            #.......     36%         2    None
 Throw Flame              Conj/Fire      #.....       36%         2    None
 Conjure Flame            Conj/Fire      #.......     58%         3    #......
 Inner Flame              Hex/Fire       #.......     58%         3    #......
 Mephitic Cloud           Conj/Pois/Air  #.......     58%         3    #......
 Sticky Flame             Conj/Fire      #.......     94%         4    ###....
 Fireball                 Conj/Fire      #.........   100%        5    #####..


Dungeon Overview and Level Annotations

Branches:
Dungeon (11/15)            Temple (1/1) D:5            Lair (2/6) D:11
    Orc (0/2) D:10
  Swamp: Lair:2-4    Shoals: Lair:2-4     Snake: Lair:2-4    Spider: Lair:2-4

Altars:
Ashenzari
Cheibriados
Dithmenos
Elyvilon
Fedhas
Gozag
Hepliaklqana
Kikubaaqudgha
Makhleb
Nemelex Xobeh
Okawaru
Qazlal
Ru
Sif Muna
Trog
Uskayaw
Vehumet
Wu Jian
Xom
Yredelemnul
Zin
The Shining One

Shops:
D:4 :?[%   D:11 [

Annotations:
D:7 3 runed translucent doors, exclusion: orange crystal statue, Curus's ghost, novice MiGl
D:11 2 runed translucent doors, elgeorgio's ghost, journeyman HOBe
Lair:2 Gastronok; Sonja


Innate Abilities, Weirdness & Mutations

You have a pair of large antennae on your head. (SInv)
A weak demonic guardian rushes to your aid.
You may emit foul miasma when damaged in melee.
You are immune to rotting.
When seriously injured, your bleeding wounds create armour. (AC +6)
Your life essence is reduced to manifest your ancestor. (-10% HP)


Message History

Unknown command.
Unknown command.
The ice encasing you melts away. The yak closely misses you. The yak gores you!
* * * LOW HITPOINT WARNING * * *
The yak looks sick.
Unknown command.
Unknown command.
Your ufetubus barely misses the yak.
Your ufetubus hits the yak. x2
Your ufetubus closely misses the yak.
The yak gores your ufetubus!
Your ufetubus dies!
Unknown command.
Unknown command.
The yak gores you but does no damage.
Unknown command.
Unknown command.
The yak closely misses you. The rime drake breathes ice at you.
The flash freeze hits you!!
You die...

*
**#.##.#.....#.##,*******,,**
* #..#.....#...#,,,,,,,,,,,*
#..÷#........#,,,,,,,,,,,*
##..###...Y{.#..#**,,**,,,*
### #P......Y.Y###,##
*****,,,*
##.###........kYY.#** *,,,*
#.#.##P.###P.#.#Y.# **,,*
........# #####...# *,,**
####.#..# *#.@.# **,,*, #
###..# #....# *,,,,, # #...#
###..#* *,,,∩, #...# #..P*
*,,,,, ##..# *#...# **,,**
#..# *...##* *,,,,* ##..##
*#...,* *,,,** #....# *#..#**
*,,,* ##..## *,,,* **,,*


You could see 6 yaks and a rime drake.

Vanquished Creatures
  Erica (D:8)
  An unseen horror (D:11)
  Pikel (D:5)
  2 ugly things (D:11)
  2 oklob plants (D:11)
  Joseph (D:7)
  2 spiny frogs
  A black mamba (Lair:1)
  A rime drake (Lair:2)
  A troll (D:11)
  Prince Ribbit (D:7)
  Grinder (D:5)
  A spriggan (D:7)
  Sigmund (D:2)
  3 yaks
  A basilisk (Lair:2)
  A warg (D:10)
  A water moccasin (D:10)
  2 porcupines (Lair:2)
  An ice beast (D:10)
  A phantom (D:9)
  9 orc warriors
  A slave (D:5)
  2 ogres
  A centaur (D:5)
  4 crocodiles
  A big kobold (D:11)
  Blork the orc (D:4)
  7 bullfrogs
  A scorpion (D:5)
  2 killer bees (D:10)
  A howler monkey (D:6)
  A crimson imp (D:5)
  A bullfrog zombie (D:10)
  A quasit (D:8)
  A jelly (D:9)
  4 hounds
  9 orc wizards
  6 orc priests
  A bullfrog skeleton (D:5)
  5 worker ants
  Ijyb (D:5)
  An iguana (D:4)
  2 gnolls (D:7)
  7 adders
  An ooze (D:3)
  2 adder skeletons
  A worm (D:2)
  4 dart slugs
  6 leopard geckos
  49 orcs
  6 giant cockroaches
  11 goblins
  8 hobgoblins
  2 jackals (D:1)
  4 quokkas
  5 ball pythons
  11 bats
  2 frilled lizards
  14 kobolds
  A leopard gecko skeleton (D:5)
  A quokka zombie (D:9)
  6 rats
  A fungus (D:7)
  7 plants (D:11)
239 creatures vanquished.

Vanquished Creatures (collateral kills)
  An ugly thing (D:11)
  A centaur zombie (D:10)
  2 trolls
  A hornet (D:10)
  2 hungry ghosts
  6 yaks
  Menkaure (D:6)
  6 orc warriors
  An ice beast (D:8)
  3 slaves (D:5)
  A necrophage (D:8)
  An ogre (D:6)
  3 centaurs
  A big kobold (D:9)
  4 bullfrogs
  2 scorpions
  2 killer bees (D:10)
  3 wights (D:6)
  3 crimson imps
  A quasit (D:8)
  A bullfrog zombie (D:10)
  A hound (D:8)
  2 jellies
  2 bullfrog skeletons
  3 orc priests
  A centaur skeleton (D:9)
  2 iguanas
  4 orc wizards
  Crazy Yiuf (D:7)
  2 worker ants
  An adder (D:8)
  A gnoll (D:7)
  An ooze (D:1)
  An adder zombie (D:9)
  A worm (D:5)
  2 leopard geckos
  20 orcs
  A goblin (D:3)
  3 kobolds
  A quokka (D:4)
  5 plants (D:11)
101 creatures vanquished.

Vanquished Creatures (others)
  6 knights
  An ancestor (D:6)
  2 plants (D:11)
9 creatures vanquished.

Grand Total: 349 creatures vanquished

Notes
Turn   | Place    | Note
-------+----------+-------------------------------------------
     0 | D:1      | 1994 the Demonspawn Necromancer began the quest for the
                  | Orb.
     0 | D:1      | Reached XP level 1. HP: 13/13 MP: 3/3
   328 | D:1      | Learned a level 1 spell: Animate Skeleton
   367 | D:1      | Gained mutation: You are immune to rotting. [demonic
                  | ancestry]
   367 | D:1      | Reached XP level 2. HP: 17/19 MP: 0/5
   801 | D:1      | Reached skill level 5 in Necromancy
   804 | D:1      | Gained mutation: You have a pair of small antennae on your
                  | head. [demonic ancestry]
   804 | D:1      | Reached XP level 3. HP: 21/24 MP: 2/6
  1139 | D:1      | Learned a level 3 spell: Vampiric Draining
  1551 | D:2      | Noticed Sigmund
  1716 | D:2      | Gained mutation: A weak demonic guardian rushes to your
                  | aid. [demonic ancestry]
  1716 | D:2      | Reached XP level 4. HP: 11/30 MP: 5/7
  2197 | D:3      | Found a shimmering altar of Xom.
  2611 | D:2      | Killed Sigmund
  2611 | D:2      | Reached skill level 6 in Necromancy
  2611 | D:2      | Gained mutation: You have a pair of antennae on your head.
                  | [demonic ancestry]
  2611 | D:2      | Reached XP level 5. HP: 35/35 MP: 7/9
  3156 | D:2      | Learned a level 3 spell: Regeneration
  3705 | D:3      | Found a shimmering altar of Xom.
  3706 | D:3      | Found a shimmering altar of Xom.
  3706 | D:3      | Found a shimmering altar of Xom.
  3901 | D:4      | Reached skill level 1 in Charms
  3901 | D:4      | Reached XP level 6. HP: 39/41 MP: 6/10
  4056 | D:4      | Found Vism's Magic Scroll Shoppe.
  4065 | D:4      | Bought a scroll of fear for 38 gold pieces
  4312 | D:4      | Found Jioskuto's Armour Emporium.
  4312 | D:4      | Found Hoadd's Food Shoppe.
  4583 | D:4      | Reached skill level 7 in Necromancy
  4611 | D:4      | Found Soont's Book Boutique.
  4783 | D:5      | Entered Level 5 of the Dungeon
  5002 | D:5      | Noticed Blork the orc
  5008 | D:5      | Noticed Ijyb
  5148 | D:5      | Gained mutation: You have a pair of large antennae on your
                  | head. (SInv) [demonic ancestry]
  5148 | D:5      | Reached XP level 7. HP: 33/46 MP: 12/12
  5151 | D:5      | Found a hide-covered altar of Uskayaw.
  5201 | D:5      | Reached skill level 1 in Long Blades
  5504 | D:5      | Noticed Grinder
  5636 | D:5      | Found a shimmering blue altar of Sif Muna.
  5646 | D:5      | Killed Ijyb
  5729 | D:5      | Reached skill level 1 in Short Blades
  5820 | D:4      | Killed Blork the orc
  5916 | D:5      | Learned a level 4 spell: Animate Dead
  6056 | D:5      | Gained mutation: When seriously injured, your bleeding
                  | wounds create armour. (AC +6) [demonic ancestry]
  6056 | D:5      | Reached XP level 8. HP: 33/52 MP: 14/14
  6078 | D:5      | Noticed Pikel
  6102 | D:5      | Killed Pikel
  6295 | D:5      | Found a staircase to the Ecumenical Temple.
  6312 | Temple   | Entered the Ecumenical Temple
  6407 | Temple   | Became a worshipper of Hepliaklqana the Forgotten
  6461 | D:5      | Killed Grinder
  6750 | D:6      | Reached skill level 1 in Fighting
  7102 | D:6      | Reached skill level 8 in Necromancy
  7179 | D:6      | Noticed Menkaure
  7185 | D:6      | Killed Menkaure
  7185 | D:6      | Reached XP level 9. HP: 28/54 MP: 16/16
  7510 | D:7      | Reached skill level 5 in Spellcasting
  7578 | D:7      | Reached skill level 5 in Dodging
  7760 | D:7      | Reached skill level 5 in Short Blades
  7848 | D:7      | Reached * piety under Hepliaklqana
  7888 | D:7      | Noticed Curus's ghost (novice MiGl)
  7889 | D:7      | Found a runed translucent door.
  7973 | D:7      | Noticed Joseph
  7990 | D:7      | Killed Joseph
  7994 | D:7      | Noticed Prince Ribbit
  8001 | D:7      | Killed Prince Ribbit
  8410 | D:7      | Found a runed translucent door.
  8417 | D:7      | Found the +10 large shield of Ignorance {rN+ Int-4}
  8423 | D:7      | Found a runed translucent door.
  8448 | D:7      | Noticed an orange crystal statue
  8509 | D:7      | Found a radiant altar of Vehumet.
  8578 | D:7      | Found a runed translucent door.
  8579 | D:7      | Noticed Crazy Yiuf
  8591 | D:7      | Killed Crazy Yiuf
  8774 | D:8      | Reached ** piety under Hepliaklqana
  8775 | D:8      | Remembered your ancestor Aula as a knight
  8852 | D:8      | Gained mutation: You may emit foul miasma when damaged in
                  | melee. [demonic ancestry]
  8852 | D:8      | Reached XP level 10. HP: 60/63 MP: 18/18
  8968 | D:8      | HP: 1/63 [orc warrior/+0 glaive (21)]
  9213 | D:8      | Reached skill level 9 in Necromancy
  9356 | D:8      | Noticed Erica
  9376 | D:8      | Killed Erica
  9566 | D:9      | Found a shadowy altar of Dithmenos.
 10063 | D:10     | Entered Level 10 of the Dungeon
 10120 | D:10     | Reached skill level 5 in Fighting
 10313 | D:10     | Found a staircase to the Orcish Mines.
 10677 | D:10     | Reached *** piety under Hepliaklqana
 10724 | D:10     | Paralysed by a hornet for 1 turns
 11219 | D:11     | Noticed a cyan ugly thing
 11234 | D:11     | Killed a cyan ugly thing
 11234 | D:11     | Reached XP level 11. HP: 29/72 MP: 17/21
 11325 | D:11     | Noticed a green ugly thing
 11338 | D:11     | Killed a green ugly thing
 11414 | D:11     | Found a staircase to the Lair.
 11414 | D:11     | Noticed an oklob plant
 11416 | D:11     | Noticed an oklob plant
 11476 | D:11     | Reached skill level 10 in Necromancy
 11549 | D:11     | Killed an oklob plant
 11993 | D:11     | Noticed an unseen horror
 12004 | D:11     | Killed an unseen horror
 12036 | D:11     | Found a runed translucent door.
 12042 | D:11     | Noticed a deep troll earth mage
 12044 | D:11     | Noticed a skeletal warrior
 12045 | D:11     | Noticed an ice dragon
 12046 | D:11     | Noticed a lich
 12046 | D:11     | Noticed a necromancer
 12046 | D:11     | Noticed elgeorgio's ghost (journeyman HOBe)
 12049 | D:11     | Found a runed translucent door.
 12055 | D:11     | Noticed a white ugly thing
 12070 | D:11     | Killed a white ugly thing
 12396 | D:11     | Reached skill level 1 in Invocations
 12450 | D:11     | Found Datop's Antique Armour Boutique.
 12599 | D:11     | Identified the +6 hunting sling of Ikloh {velocity, Int+6}
 12740 | D:11     | Killed an oklob plant
 13087 | D:4      | Bought a book of Minor Magic for 200 gold pieces
 13090 | D:4      | Learned a level 2 spell: Blink
 13237 | Lair:1   | Entered Level 1 of the Lair of Beasts
 13317 | Lair:1   | Reached skill level 1 in Translocations
 13325 | Lair:1   | You fall into a shaft and drop 1 floor!
 13457 | Lair:2   | Noticed Sonja
 13459 | Lair:2   | Noticed Gastronok
 13468 | Lair:2   | Killed from afar by a rime drake

Levels and vault maps discovered:
D:1:      dpeg_arrival_long_road, layout_rooms, minmay_vboxes
D:2:      minmay_wonky_spiral, layout_basic, minmay_misc_feat_nine_boxes,
          minmay_shallow_snake_nest, uniq_sigmund
D:3:      kennysheep_the_goblin_king, layout_loops_ring, xom_redecorated
D:4:      layout_loops_cross, serial_shops, shop, shop, shop,
          nicolae_shop_stone, first_ration
D:5:      layout_rooms, eat_drink_and_be_merry_uskayaw, temple_statues,
          basic_altar, uniq_blork_the_orc, uniq_pikel, uniq_grinder, uniq_ijyb
D:6:      layout_rooms, chequers_serial_rivers_marsh, uniq_menkaure
D:7:      layout_loops_ring, hellmonk_ghost_happy_afterlife, basic_altar,
          the_bakery, grunt_ministairs_6, chequers_guarded_unrand_ignorance,
          uniq_prince_ribbit1, uniq_crazy_yiuf_cottage, uniq_joseph
D:8:      layout_basic, uniq_erica
D:9:      layout_rooms, basic_altar
D:10:     layout_basic, david_orc_3, serial_glass, glass_columns_b,
          glass_columns_a
D:11:     layout_roguey [special_room_orc], dpeg_oklobed_lair,
          muffindrake_ghost_dual_entry, serial_shops, nicolae_shop_stone
Temple:   grunt_wide_crystal_templ
Lair:1:   layout_roguey, portal_ice_cave_entry_pillars_1,
          infiniplex_staircase_pool, grunt_megastairs_4, lemuel_fruit_tree
Lair:2:   layout_long_grid, gauntlet_entry_generic, grunt_megastairs_2,
          minmay_lair_oklob_chamber, uniq_gastronok, uniq_sonja

Skill      XL: |  1  2  3  4  5  6  7  8  9 10 11 |
---------------+----------------------------------+-----
Dodging        | 2 3 4 5 6 |  6.0
Necromancy     | 5 6 7 8 9 10 | 10.6
Spellcasting   | 3 4 5 6 7 |  7.7
Charms         | 1 2 3 4 |  4.0
Long Blades    | 1 |  1.2
Short Blades   | 2 4 6 8 9 |  9.6
Fighting       | 1 3 5 6 |  6.7
Invocations    | 2 |  2.9
Translocations | 1 |  1.8
Stealth        | |  1.7

Action                   |  1- 3 |  4- 6 |  7- 9 | 10-12 || total
-------------------------+-------+-------+-------+-------++-------
Melee: Unarmed           |     7 |       |       |       ||     7
       Whip              |     9 |     6 |    11 |       ||    26
       Dagger            |    16 |    80 |   280 |   406 ||   782
       Rapier            |       |       |    26 |   240 ||   266
Throw: Dart              |     4 |     8 |     4 |       ||    16
 Cast: Pain              |    49 |    94 |    27 |    12 ||   182
       Animate Skeleton  |     1 |     1 |     8 |     2 ||    12
       Vampiric Draining |       |     1 |    17 |    25 ||    43
       Regeneration      |       |       |    11 |    23 ||    34
Invok: Recall Ancestor   |       |       |     4 |    12 ||    16
       Ancestor Life: Kn |       |       |     1 |       ||     1
Evoke: Wand              |       |       |     3 |     1 ||     4
  Use: Scroll            |       |       |    14 |     5 ||    19
 Stab: Sleeping          |       |     2 |       |       ||     2
       Paralysed         |       |       |     2 |       ||     2
       Distracted        |       |       |     1 |     7 ||     8
  Eat: Chunk             |     3 |    10 |    12 |    15 ||    40
       Ration            |       |       |     1 |     1 ||     2
Armor: Robe              |    16 |     3 |       |       ||    19
       Ring mail         |       |    20 |    78 |   137 ||   235
Dodge: Dodged            |    33 |    74 |   167 |   243 ||   517
